 Dungeon Crawl Stone Soup version 0.28-b1-25-g9875b3fc8c (webtiles) character file.

Game seed: 3500760648373853285

6765 sanka the Nimble (level 10, -3/60 HPs)
             Began as a Deep Elf Transmuter on Feb 7, 2022.
             Was a High Priest of Okawaru.
             Shot with an arrow by a centaur (9 damage)
             ... on level 9 of the Dungeon.
             The game lasted 00:30:44 (13885 turns).

sanka the Nimble (Deep Elf Transmuter)             Turns: 13885, Time: 00:30:45

Health: -3/60      AC:  7    Str:  7    XL:     10   Next: 75%
Magic:  5/22       EV: 21    Int: 23    God:    Okawaru [*****.]
Gold:   485        SH:  0    Dex: 15    Spells: 12/23 levels left

rFire   + . .      SeeInvis +   a - +7 Singing Sword {vorpal, sonic wave}
rCold   . . .      Faith    +   (no shield)
rNeg    . . .      Spirit   .   g - +1 robe {rF+}
rPois   .          Reflect  .   (no helmet)
rElec   .          Harm     .   (no cloak)
rCorr   .          Rampage  .   w - +2 pair of gloves
Will    ++...                   f - +0 pair of boots
Stlth   +++.......              k - amulet of faith
HPRegen 0.20/turn               c - ring of willpower
MPRegen 0.18/turn               F - ring of see invisible

@: heroic, invisible
A: no striking features
a: Renounce Religion, Heroism, Finesse, Duel


You were on level 9 of the Dungeon.
You worshipped Okawaru.
Okawaru was extremely pleased with you.
You visited 1 branch of the dungeon, and saw 9 of its levels.
You also visited: Sewer and Ossuary.

You collected 645 gold pieces.
You spent 160 gold pieces at shops.

Inventory:

Hand Weapons
 a - the +7 Singing Sword (weapon) {vorpal, sonic wave}
   (You found it on level 4 of the Dungeon)

   It inflicts extra damage upon your enemies.
   It radiates damaging sonic waves as it strikes, especially in combat
   involving dangerous or numerous foes.
 b - the +7 hand axe "Dazifack" {pain, *Rage Int+7, !a}
   (You found it on level 4 of the Dungeon)

   In the hands of one skilled in necromantic magic, it inflicts extra damage on
   living creatures.
   Int:       It affects your intelligence (+7).
   *Rage:     It berserks you when you make melee attacks (+20% chance).
Missiles
 D - 4 throwing nets
Armour
 f - a +0 pair of boots (worn)
 g - a +1 robe of fire resistance (worn)
 i - a +2 leather armour of cold resistance
 w - a +2 pair of gloves (worn)
 G - the +2 buckler of the Thirteen Runes {Int-3 Dex+6}
   (Okawaru gifted it to you on level 9 of the Dungeon)

   Int:       It affects your intelligence (-3).
   Dex:       It affects your dexterity (+6).
Jewellery
 c - a ring of willpower (left hand)
 k - an amulet of faith (around neck)
 x - an amulet of guardian spirit
 F - a ring of see invisible (right hand)
Wands
 E - a wand of iceblast (9)
Scrolls
 d - a scroll of torment
 e - 3 scrolls of blinking
 h - a scroll of summoning
 j - a scroll of enchant armour
 m - 5 scrolls of teleportation
 o - 4 scrolls of identify
 p - a scroll of fog
 q - 2 scrolls of noise
 r - 4 scrolls of immolation
 s - a scroll of fear {unknown}
 y - a scroll of amnesia {unknown}
 z - a scroll of vulnerability {unknown}
Potions
 l - 2 potions of brilliance {unknown}
 t - a potion of attraction
 u - 2 potions of haste {unknown}
 v - 2 potions of ambrosia
 A - a potion of berserk rage {unknown}
 B - 3 potions of curing {unknown}
 C - a potion of mutation {unknown}


   Skills:
 + Level 5.7(10.7) Fighting
 + Level 12.1(17.1) Dodging
 - Level 3.2(8.2) Unarmed Combat
 - Level 7.0 Spellcasting
 - Level 6.0 Conjurations
 - Level 4.0 Transmutations
 - Level 6.0 Earth Magic
 - Level 3.0 Poison Magic
 - Level 4.0 Invocations


You had 12 spell levels left.
You knew the following spells:

 Your Spells              Type           Power      Damage    Failure   Level
a - Beastly Appendage     Tmut           52%        N/A       1%          1
b - Wereblood             Tmut           26%        N/A       2%          2
c - Spider Form           Tmut/Pois      24%        N/A       5%          3
d - Passwall              Tmut/Erth      25%        N/A       1%          2
e - Stone Arrow           Conj/Erth      70%        3d11      1%          3

Your spell library contained the following spells:

 Spells                   Type           Power      Damage    Failure   Level
 Sandblast                Erth           70%        2d15      1%          1
 Freeze                   Ice            32%        1d5       8%          1
 Ensorcelled Hibernation  Hex/Ice        16%        N/A       12%         2
 Frozen Ramparts          Ice            16%        1d3       22%         3
 Gell's Gravitas          Tloc           8%         N/A       22%         3
 Inner Flame              Hex/Fire       8%         N/A       22%         3
 Lesser Beckoning         Tloc           8%         N/A       22%         3
 Portal Projectile        Hex/Tloc       16%        N/A       22%         3
 Teleport Other           Tloc           8%         N/A       22%         3
 Hailstorm                Conj/Ice       21%        3d6       22%         4
 Leda's Liquefaction      Hex/Erth       10%        N/A       22%         4
 Ice Form                 Ice/Tmut       17%        N/A       32%         4
 Anguish                  Hex/Necr       4%         N/A       58%         4
 Cause Fear               Hex            4%         N/A       58%         4
 Discord                  Hex            4%         N/A       100%        8
 Call Canine Familiar     Summ           Unusable   N/A       N/A         3

Dungeon Overview and Level Annotations

Branches:
Dungeon (9/15)             Temple (0/1) D:7           Sewer (visited)
Ossuary (visited)
   Lair: D:8-11         Orc: D:9-12

Altars:
Ashenzari
Makhleb
Okawaru
Qazlal
Sif Muna
The Shining One

Shops:
D:5 *   D:7 *   D:8 *

Annotations:
D:8 1 runed translucent door


Message History

The orc warrior shouts!
You hit the orc.
You kill the orc!
Okawaru accepts your kill.
The orc warrior throws a stone.
The stone completely misses you.
An orc wizard comes into view. It is wielding a +0 hand axe.
An orc priest comes into view. It is wielding a +0 club.
The orc warrior throws a stone.
The stone hits you.
Things that are here:
a +0 club; a +0 scale mail; an orc corpse The orc warrior hits you with a +0 trident.
Unknown command.
A centaur comes into view.
The orc warrior hits you from afar with a +0 trident!
* * * LOW HITPOINT WARNING * * *
Things that are here:
a +0 club; a +0 scale mail; an orc corpse
Things that are here:
a +0 giant club; a +2 dire flail of protection The centaur wields a +0 shortbow.
The centaur shoots an arrow.
The arrow completely misses you.
You hear a shout!
The centaur shoots an arrow.
The arrow misses you.
The centaur shoots an arrow.
The arrow barely misses you.
The orc warrior throws a stone.
The stone hits you!
* * * LOW HITPOINT WARNING * * *
The centaur shoots an arrow.
The arrow hits you.
* * * LOW HITPOINT WARNING * * *
The centaur shoots an arrow.
The arrow barely misses you.
You fade into invisibility!
You gain the combat prowess of a mighty hero.
The centaur shoots an arrow.
The centaur shoots an arrow.
The centaur shoots an arrow.
You hear a shout!
The centaur shoots an arrow.
The centaur shoots an arrow.
The arrow barely misses you.
The centaur shoots an arrow.
The arrow barely misses you.
The centaur shoots an arrow.
The arrow hits you!
You die...

..##.# #.####.#..#.# #..
####.# #......#..#.# #..
######.#####..#......#.# #..
#.............#.####.#.# #..
#.#####.####.##.#......####..
#.##.....(...#.........
#.##.#.##.###########.#
#.##......# #.# ..
#.####@#### #)# ..... #.##
#.# #.# ..... #.(# #.# #.#
.....###.###.# #.#
..........##.# #.#
..........##.#
.......[.##c#####
####....o.#.....#
#....#.#.....#


You could see a centaur.

Vanquished Creatures
  Harold (D:7)
  A two-headed ogre (D:9)
  3 kobold demonologists (D:9)
  A troll (D:8)
  A wyvern (D:8)
  A steam dragon (D:9)
  2 water moccasins
  An orc warrior (D:8)
  3 black bears
  3 sky beasts
  2 necrophages
  5 ogres
  2 centaurs (D:9)
  A kobold brigand (D:9)
  Blork the orc (D:6)
  2 bullfrogs
  3 wyvern zombies
  4 scorpions
  2 water moccasin zombies (Ossuary)
  A wyvern skeleton (D:7)
  3 howler monkeys (D:8)
  4 centaur zombies
  A crimson imp (D:5)
  6 bullfrog zombies
  3 hounds
  4 jellies
  4 orc priests
  2 bullfrog skeletons (D:5)
  A centaur skeleton (D:5)
  4 iguanas
  2 orc wizards
  A killer bee zombie (Ossuary)
  2 hound skeletons
  15 mummies
  3 howler monkey zombies
  5 gnolls
  A river rat (D:3)
  13 adders
  2 ufetubi
  An adder zombie (D:3)
  2 worms
  A dart slug (D:2)
  14 orcs
  18 ball pythons
  10 bats
  22 endoplasms
  7 giant cockroaches
  14 goblins
  11 hobgoblins
  3 jackals
  15 quokkas
  10 frilled lizards
  A goblin skeleton (D:5)
  2 goblin zombies
  3 hobgoblin zombies (D:5)
  14 kobolds
  2 kobold zombies (D:5)
  An orc skeleton (D:5)
  An orc zombie (D:7)
  7 rats
275 creatures vanquished.

Vanquished Creatures (others)
  3 demonic plants (D:1)
  7 fungi (D:4)
  5 plants (D:6)
  8 withered plants (Ossuary)
23 creatures vanquished.

Grand Total: 298 creatures vanquished

Notes
Turn   | Place    | Note
-------+----------+-------------------------------------------
     0 | D:1      | sanka the Deep Elf Transmuter began the quest for the Orb.
     0 | D:1      | Reached XP level 1. HP: 11/11 MP: 6/6
   176 | D:1      | Found a faded altar of an unknown god.
   468 | D:1      | Reached XP level 2. HP: 8/16 MP: 6/8
   643 | D:1      | Reached skill level 1 in Fighting
   667 | D:1      | Learned a level 2 spell: Wereblood
  1173 | D:2      | Reached XP level 3. HP: 20/20 MP: 6/9
  1199 | D:2      | Learned a level 3 spell: Spider Form
  1213 | D:1      | Reached skill level 1 in Poison Magic
  1709 | D:2      | Reached skill level 3 in Dodging
  1973 | D:2      | Reached XP level 4. HP: 15/25 MP: 9/11
  2369 | D:3      | Found a broken altar of Ashenzari.
  2410 | D:3      | Found a glowing drain.
  2497 | Sewer    | Entered a sewer
  3510 | Sewer    | Reached XP level 5. HP: 29/29 MP: 4/13
  4288 | D:3      | Reached XP level 6. HP: 35/35 MP: 9/14
  4804 | D:3      | Reached skill level 4 in Dodging
  5594 | D:4      | Found a stormy altar of Qazlal.
  5914 | D:4      | Reached skill level 5 in Spellcasting
  5978 | D:4      | Reached XP level 7. HP: 40/40 MP: 15/17
  5987 | D:4      | HP: 2/40 [poisoned by a scorpion]
  6212 | D:4      | Learned a level 2 spell: Passwall
  6216 | D:4      | Learned a level 3 spell: Stone Arrow
  6227 | D:4      | Found the +7 Singing Sword {vorpal, sonic wave}
  6624 | D:4      | Reached skill level 1 in Conjurations
  6624 | D:4      | Reached skill level 1 in Earth Magic
  6768 | D:4      | Found an iron altar of Okawaru.
  6783 | D:4      | Identified the +7 hand axe "Dazifack" {pain, *Rage Int+7}
  6909 | D:4      | Became a worshipper of Warmaster Okawaru
  7395 | D:5      | Entered Level 5 of the Dungeon
  7399 | D:5      | Reached * piety under Okawaru
  7567 | D:5      | Found a glowing golden altar of the Shining One.
  7572 | D:5      | Reached XP level 8. HP: 44/44 MP: 12/19
  8055 | D:5      | Reached skill level 1 in Invocations
  8319 | D:5      | Found Wibuwkik's Serpentskin Sales.
  8325 | D:5      | Reached ** piety under Okawaru
  8326 | D:5      | Reached skill level 5 in Conjurations
  8326 | D:5      | Reached skill level 5 in Earth Magic
  9125 | D:6      | Reached XP level 9. HP: 49/49 MP: 13/20
 10175 | D:6      | Reached *** piety under Okawaru
 10182 | D:6      | Reached skill level 5 in Dodging
 10520 | D:6      | Noticed Blork the orc
 10527 | D:6      | Killed Blork the orc
 11004 | D:7      | Found a staircase to the Ecumenical Temple.
 11017 | D:7      | Reached skill level 6 in Dodging
 11032 | D:7      | Found Teshelugh's Assorted Antiques.
 11049 | D:7      | Found a sand-covered staircase.
 11057 | Ossuary  | Entered an ossuary
 11099 | Ossuary  | Reached skill level 7 in Dodging
 11172 | Ossuary  | Reached skill level 8 in Dodging
 11210 | Ossuary  | HP: 2/50 [killer bee zombie (2)]
 11223 | Ossuary  | HP: 2/50 [centaur zombie (2)]
 11447 | Ossuary  | Reached **** piety under Okawaru
 11599 | Ossuary  | Reached skill level 9 in Dodging
 11971 | D:7      | Bought a scroll of teleportation for 60 gold pieces
 12165 | D:7      | Noticed Harold
 12173 | D:7      | Killed Harold
 12173 | D:7      | Reached ***** piety under Okawaru
 12174 | D:7      | Reached skill level 10 in Dodging
 12174 | D:7      | Reached XP level 10. HP: 34/56 MP: 5/22
 12479 | D:7      | Bought a coral ring for 100 gold pieces
 12956 | D:8      | Found Zoud's Gadget Gallery.
 13077 | D:8      | Found a runed translucent door.
 13150 | D:8      | Identified the +2 pair of boots of Polish {-Cast rElec
                  | Dex+2}
 13296 | D:8      | Found a shimmering blue altar of Sif Muna.
 13369 | D:8      | Found a burning altar of Makhleb.
 13369 | D:8      | Noticed a sixfirhy
 13416 | D:8      | Found a burning altar of Makhleb.
 13433 | D:8      | Identified the +3 falchion of Diet Blood {venom, rC+}
 13505 | D:9      | Noticed a rust devil
 13507 | D:9      | Reached skill level 11 in Dodging
 13582 | D:9      | Noticed a soul eater
 13586 | D:9      | Reached skill level 5 in Fighting
 13630 | D:9      | Identified the +2 buckler of the Thirteen Runes {Int-3
                  | Dex+6} (Okawaru gifted it to you on level 9 of the Dungeon)
 13630 | D:9      | Received a gift from Okawaru
 13638 | D:9      | Identified the +5 chain mail of Nibegg {rC- Str-4 Dex+9}
 13849 | D:9      | Noticed a two-headed ogre
 13857 | D:9      | Killed a two-headed ogre
 13858 | D:9      | Reached skill level 12 in Dodging
 13869 | D:9      | HP: 3/60 [centaur/arrow (4)]
 13885 | D:9      | Shot with an arrow by a centaur

Illustrated notes

Levels and vault maps discovered:
D:1:      onia_arrival_handbag, layout_loops_ring, shapermc_ecumenical_altar_gd,
          dk_noncrumbling_4
D:2:      layout_rooms, chequers_avenue
D:3:      layout_basic, amcnicky_altar_gilded, cheibrodos_sewer_entry_sluice,
          minmay_joined_circles
D:4:      old_forge, layout_loops_corners, okawaru_ov_weapons_minmay,
          mainiacjoe_overflow_surrounded_room
D:5:      layout_cave_pods, nicolae_tso_besieged_by_evil, guppyfry_shop_venom
D:6:      corexii_shack_village, layout_layer_cave, uniq_blork_the_orc
D:7:      layout_rooms, minmay_temple_entry_waves, nicolae_ossuary_entry_giza,
          serial_shops, shop_fountains, enter_bailey_2, uniq_harold
D:8:      layout_loops_ring, led_sif_pool, nzn_makhleb_speed_demon,
          kennysheep_flooded_box, nicolae_shop_gadgets
D:9:      layout_basic, dpeg_lair_monsters, nicolae_elevator_lobby_asterisk

Skill      XL: |  1  2  3  4  5  6  7  8  9 10 |
---------------+-------------------------------+-----
Fighting       | 1 2 3 5 |  5.7
Poison Magic   | 1 2 3 |  3.0
Dodging        | 3 4 10 12 | 12.1
Spellcasting   | 4 5 6 7 |  7.0
Transmutations | 3 4 |  4.0
Unarmed Combat | 3 |  3.2
Conjurations   | 3 6 |  6.0
Earth Magic    | 3 6 |  6.0
Invocations    | 3 4 |  4.0

Action                   |  1- 3 |  4- 6 |  7- 9 | 10-12 || total
-------------------------+-------+-------+-------+-------++-------
Melee: Unarmed           |    95 |   261 |    15 |       ||   371
       Kick              |    22 |    19 |     2 |       ||    43
       Headbutt          |     8 |    12 |     2 |       ||    22
       Punch             |     2 |     2 |     5 |     2 ||    11
       Double sword      |       |       |   122 |    33 ||   155
 Cast: Beastly Appendage |    18 |    24 |     1 |       ||    43
       Wereblood         |     2 |    18 |       |       ||    20
       Spider Form       |     2 |    18 |     2 |       ||    22
       Stone Arrow       |       |       |   102 |    36 ||   138
Invok: Heroism           |       |       |     2 |     2 ||     4
  Use: Potion            |       |     1 |     4 |     1 ||     6
       Scroll            |       |       |    12 |       ||    12
 Stab: Sleeping          |     3 |     3 |       |       ||     6
       Held in net/web   |       |     1 |       |       ||     1
Armor: Robe              |    13 |    28 |    39 |    13 ||    93
       Skin              |       |     7 |     6 |       ||    13
Dodge: Dodged            |    53 |   183 |   137 |    52 ||   425
